 Dungeon Crawl Stone Soup version 0.17-a0-1617-gfba1302 (webtiles) character file.

119 Teurmalyne the Firebug (level 4, -6/24 HPs)
             Began as a Deep Elf Fire Elementalist on Aug 2, 2015.
             Mangled by an iguana (10 damage)
             ... on level 4 of the Dungeon.
             The game lasted 01:09:33 (3166 turns).

Teurmalyne the Firebug (Deep Elf Fire Elementalist) Turns: 3166, Time: 01:09:33

Health: -6/24      AC:  3    Str:  5    XL:     4   Next: 73%
Magic:  4/11       EV: 13    Int: 21    God:
Gold:   145        SH:  0    Dex: 15    Spells: 2 memorised, 6 levels left

rFire  . . .     SeeInvis .     L - +0 dagger (venom)
rCold  . . .     Clarity  .     v - +1 robe
rNeg   . . .     SustAt   .     (no shield)
rPois  .         Gourm    .     (no helmet)
rElec  .         Spirit   .     (no cloak)
rCorr  .         Warding  .     (no gloves)
rMut   .         Stasis   .     (no boots)
MR     .....                    (no amulet)
Stlth  ++........               (no ring)
                                (no ring)

@: not resistant to hostile enchantments, unstealthy
A: no striking features
a: no special abilities


You were on level 4 of the Dungeon.
You were not hungry.

You visited 1 branch of the dungeon, and saw 4 of its levels.

You collected 145 gold pieces.

Inventory:

Hand weapons
 d - a +0 club
 y - a +0 hunting sling
 B - a +0 club
 C - a +0 club
 J - a +0 club
 K - a +1 spear of freezing
 L - a +0 dagger of venom (weapon)
 M - a +0 mace
Missiles
 l - 105 stones (quivered)
 s - 64 arrows
 D - 17 bolts
Armour
 a - a +0 robe
 e - a +0 ring mail
 f - a +0 chain mail
 k - a +0 leather armour
 v - a +1 robe (worn)
Magical devices
 o - a wand of draining (5)
 t - a wand of random effects (25)
 I - a wand of magic darts (31)
Scrolls
 h - 2 scrolls of amnesia
 E - a scroll of teleportation
Potions
 i - a potion of invisibility {unknown}
 p - 2 potions of agility
 u - a potion of flight {unknown}
 A - a potion of lignification {unknown}
 F - 2 potions of poison
 H - a potion of degeneration {unknown}
 N - a potion of might {unknown}
Books
 b - a book of Flames

   Spells                             Type                      Level
   a - Flame Tongue                   Conjuration/Fire             1
   b - Throw Flame                    Conjuration/Fire             2
   c - Conjure Flame                  Conjuration/Fire             3
   d - Inner Flame                    Hexes/Fire                   3
   e - Sticky Flame                   Conjuration/Fire             4
   f - Fireball                       Conjuration/Fire             5
Comestibles
 c - 3 bread rations
 g - 4 fruits
 G - 2 chunks of flesh


   Skills:
 - Level 2.4 Dodging
 - Level 2.6 Stealth
 + Level 3.4 Spellcasting
 * Level 3.2 Conjurations
 + Level 4.8 Fire Magic


You had 6 spell levels left.
You knew the following spells:

 Your Spells              Type           Power        Failure   Level  Hunger
a - Flame Tongue          Conj/Fire      ###..        2%          1    None
b - Throw Flame           Conj/Fire      ###...       4%          2    ##.....


Dungeon Overview and Level Annotations

Branches:
Dungeon (4/15)
 Temple: D:4-7

Altars:
Kikubaaqudgha

Annotations:
D:2 Robin, Sigmund


Message History

The iguana is heavily wounded.
The iguana bites you!
Casting: Flame Tongue
Confirm with . or Enter, or press ? or * to list all spells.
Aiming: Flame Tongue
Press: ? - help, Shift-Dir - straight line, f/p - iguana
Aim: an iguana (heavily wounded)
The flame tongue hits the iguana.
The iguana appears unharmed.
The iguana is heavily wounded.
The iguana bites you!
* * * LOW HITPOINT WARNING * * *
Casting: Flame Tongue
Confirm with . or Enter, or press ? or * to list all spells.
Aiming: Flame Tongue
Press: ? - help, Shift-Dir - straight line, f/p - iguana
Aim: an iguana (heavily wounded)
The flame tongue hits the iguana.
The iguana is almost dead.
The iguana bites you!
You die...

#### ...
####l####
#..@....#
#.##.##.#
#.# .# #.#
.# #####.#
.# #.....#
.# #.#####
.#
#.######...
#..........


You could see an iguana.

Vanquished Creatures
  Jessica (D:2)
  3 adders
  A gnoll (D:1)
  An ooze (D:2)
  A worm (D:2)
  A giant gecko (D:1)
  4 bats
  2 giant cockroaches
  5 goblins
  9 hobgoblins
  4 jackals (D:3)
  A ball python (D:3)
  8 giant newts
  6 kobolds
  2 quokkas
  5 rats
54 creatures vanquished.

Notes
Turn   | Place    | Note
--------------------------------------------------------------
     0 | D:1      | Teurmalyne the Deep Elf Fire Elementalist began the quest for the Orb.
     0 | D:1      | Reached XP level 1. HP: 10/10 MP: 6/6
   315 | D:1      | Reached XP level 2. HP: 15/15 MP: 5/8
   319 | D:1      | Learned a level 2 spell: Throw Flame
   584 | D:1      | Reached skill level 4 in Fire Magic
  1138 | D:2      | Noticed Jessica
  1141 | D:2      | Killed Jessica
  1141 | D:2      | Reached XP level 3. HP: 17/19 MP: 5/9
  1288 | D:2      | Noticed Sigmund
  1371 | D:2      | Learned a level 3 spell: Conjure Flame
  1484 | D:2      | Noticed Robin
  1698 | D:2      | Reached XP level 4. HP: 24/24 MP: 7/10
  1753 | D:3      | Found an ancient bone altar of Kikubaaqudgha.
  3166 | D:4      | Mangled by an iguana

Vault maps used:
D:1:      lightli_arrival_statue_moat
D:2:      old_standard_altar, ecumenical_altar_1, kennysheep_crisscross,
          minmay_misc_feat_roman, serial_park_tiny_pond, uniq_robin,
          uniq_sigmund, uniq_jessica
D:3:      lemuel_crystal_altar, minmay_misc_feat_encased, minmay_bad_closet
D:4:      zin_treasury, first_bread

Action                   |  1- 3 |  4- 6 || total
-------------------------+-------+-------++-------
 Cast: Flame Tongue      |    21 |    25 ||    46
       Throw Flame       |    21 |    43 ||    64
       Conjure Flame     |     1 |     1 ||     2
  Use: Scroll            |     1 |     8 ||     9
  Eat: Bread ration      |     1 |       ||     1
       Chunk             |       |     5 ||     5
